Map: Abyssal Reef LE

Players

Dessa

  • Race: Zerg Zerg
  • League: Diamond
  • Spawn Location: 5:00

Bobymayor - Winner!

  • Race: Terran Terran
  • League: Diamond
  • Spawn Location: 11:00

VOD

Have the link to the VOD?

Description

Time

  • Played on: Jan. 4, 2018, 1:46 p.m.
  • Length: 6:28
Show
View Real Time Build Order
Export as new Build Order

Dessa Zerg 

Build Orders: Hatch First 

Get SALT Encoding   

  12  0:01  Drone  
  13  0:13  Overlord  
  13  0:17  Drone  
  14  0:31  Drone x2  
  16  0:35  Drone  
  17  0:53  Hatchery  
  16  0:57  Drone  
  16  1:00  Extractor  
  16  1:02  Drone  
  17  1:18  Spawning Pool  
  16  1:20  Drone  
  16  1:25  Drone  
  18  1:28  Drone  
  19  1:39  Overlord  
  19  1:50  Drone  
  20  2:04  Queen  
  20  2:05  Metabolic Boost  
  20  2:07  Zergling x2  
  23  2:09  Queen  
  23  2:13  Drone  
  26  2:17  Drone  
  26  2:19  Drone  
  28  2:25  Drone  
  28  2:40  Zergling x2  
  28  2:41  Zergling x2  
  28  2:44  Queen  
  30  2:45  Overlord  
  32  3:01  Drone  
  32  3:02  Drone x3  
  36  3:19  Drone x2  
  39  3:20  Drone x3  
  39  3:22  Overlord  
  39  3:25  Drone  
  42  3:39  Drone  
  42  3:40  Hatchery, Overlord  
  42  3:43  Drone x3  
  45  3:52  Overlord x2  
  45  4:09  Drone  
  45  4:11  Extractor  
  45  4:14  Extractor, Overlord  
  43  4:17  Lair  
  43  4:24  Overlord  
  43  4:28  Baneling Nest, Drone  
  43  4:29  Drone x2  
  43  4:30  Drone x3  
  48  4:32  Drone x3  
  48  4:33  Extractor  
  50  4:58  Evolution Chamber  
  50  4:59  Drone x2  
  51  5:00  Evolution Chamber  
  51  5:02  Drone x5  
  51  5:03  Drone x4  
  51  5:06  Queen  
  61  5:09  Zergling x6  
  64  5:17  Zergling x6  
  64  5:20  Baneling x2  
  67  5:37  Drone x2  
  67  5:38  Hydralisk Den, Overlord x2  
  63  5:50  Zergling x16  
  63  5:52  Baneling  
  63  5:54  Zergling x2  
  71  6:10  Zergling x2  
Show
View Real Time Build Order
Export as new Build Order

Bobymayor Terran - Winner!

Build Orders: Reaper Expand 

Get SALT Encoding   

  12  0:02  SCV  
  13  0:14  SCV  
  14  0:20  Supply Depot  
  14  0:26  SCV  
  15  0:29  Refinery  
  15  0:41  SCV  
  16  0:46  Barracks  
  16  0:53  SCV  
  17  1:05  SCV  
  18  1:18  SCV  
  19  1:32  Orbital Command  
  19  1:33  Reaper  
  20  1:49  Command Center  
  20  2:00  SCV  
  21  2:03  Barracks  
  21  2:11  Barracks Reactor  
  21  2:12  SCV  
  22  2:17  Supply Depot  
  22  2:30  Refinery, Factory  
  22  2:41  SCV  
  22  2:44  Bunker  
  23  2:50  Marine  
  23  2:51  Barracks Tech Lab, Marine  
  25  2:54  SCV  
  26  3:06  SCV, Orbital Command  
  27  3:14  Stimpack  
  27  3:17  Marine x2  
  27  3:19  Marine  
  30  3:28  SCV  
  30  3:30  Starport  
  30  3:34  Factory Reactor  
  30  3:40  Marine x3  
  33  3:42  SCV  
  33  3:43  SCV  
  35  3:49  Supply Depot  
  35  3:56  SCV x2  
  35  3:59  Marine x2  
  35  4:00  Marine  
  40  4:11  Supply Depot  
  40  4:16  SCV x2  
  42  4:17  Medivac x2  
  42  4:20  Widow Mine  
  42  4:24  Marine x2  
  49  4:25  Marine  
  51  4:34  SCV  
  51  4:35  SCV  
  53  4:39  Refinery, Supply Depot  
  53  4:42  Widow Mine  
  55  4:47  Medivac  
  55  4:49  SCV x2  
  55  4:50  Liberator, Marine x3  
  62  5:11  SCV x2, Engineering Bay  
  62  5:13  Engineering Bay  
  67  5:16  Supply Depot  
  67  5:22  Supply Depot, Marine x3  
  70  5:37  SCV x2  
  72  5:49  SCV x2  
  70  5:51  Marine x3  
  73  6:01  SCV x2  
  72  6:22  Barracks x2  
  72  6:24  Command Center  
  72  6:26  Barracks  
Tags
 
Add a new tag
Caveats
  • Supply blocks, unpowered buildings, or Contaminate may cause inaccurate times.
  • Supply counts are checked every 10 seconds.